 Dungeon Crawl Stone Soup version 0.25.0-15-gac7dcb8 (webtiles) character file.

Game seed: 9546903869129083284

238 pmoppi the Shooter (level 5, 0/41 HPs)
             Began as a Mummy Hunter on June 29, 2020.
             Slain by an orc
             ... wielding a +0 dagger
              (2 damage)
             ... on level 3 of the Dungeon.
             The game lasted 00:04:15 (3351 turns).

pmoppi the Shooter (Mummy Hunter)                   Turns: 3351, Time: 00:04:16

Health: 0/41       AC:  4    Str: 17    XL:     5   Next: 78%
Magic:  5/5        EV: 12    Int: 10    God:
Gold:   130        SH:  0    Dex: 12    Spells: 4/4 levels left

rFire    x . .     SeeInvis .   b - +0 morningstar
rCold    + . .     Gourm    .   (no shield)
rNeg     + + +     Faith    .   c - +0 leather armour
rPois    ∞         Spirit   .   (no helmet)
rElec    .         Reflect  .   (no cloak)
rCorr    .         Harm     .   i - +0 pair of gloves
MR       .....                  (no boots)
Stlth    +.........             (no amulet)
HPRegen  0.13/turn              (no ring)
MPRegen  0.09/turn              (no ring)

@: no status effects
A: no food or potions, fire vulnerability, cold resistance 1, negative energy
resistance 3, torment resistance, unbreathing
a: no special abilities


You were on level 3 of the Dungeon.
You were not hungry.

You visited 1 branch of the dungeon, and saw 3 of its levels.

You collected 130 gold pieces.

Inventory:

Hand Weapons
 a - a +1 shortbow
 b - a +0 morningstar (weapon)
Missiles
 d - 60 arrows
Armour
 c - a +0 leather armour (worn)
 i - a +0 pair of gloves (worn)
Jewellery
 e - a +4 ring of protection {unknown}
 h - an uncursed ring of magical power {unknown}
 o - a cursed ring of teleportation {unknown}
Wands
 l - a wand of iceblast (6)
 n - a wand of random effects (23)
Scrolls
 f - a scroll of remove curse {unknown}
 g - 3 scrolls of identify {unknown}
 j - a scroll of amnesia {unknown}
 k - a scroll of teleportation {unknown}
 p - a scroll of random uselessness {unknown}


   Skills:
 + Level 3.2 Fighting
   Level 1.5 Short Blades
 + Level 4.0 Bows
 + Level 1.6 Armour
 + Level 2.6 Dodging
 - Level 1.1 Stealth


You had 4 spell levels left.
You didn't know any spells.
Your spell library was empty.

Dungeon Overview and Level Annotations

Branches:
Dungeon (3/15)

Altars:
Okawaru
Trog


Innate Abilities, Weirdness & Mutations

You do not eat or drink.
Your flesh is vulnerable to fire.
You are immune to poison.
Your flesh is cold resistant. (rC+)
You are immune to negative energy. (rN+++)
You are immune to unholy pain and torment.
You can survive without breathing.


Message History

You kill the kobold!
The orc hits you with a +0 dagger.
* * * LOW HITPOINT WARNING * * *
The orc barely misses you. The orc closely misses you.
The orc hits you but does no damage.
Found a stone staircase leading down.
You see here a +0 whip.
You closely miss the orc. The orc hits you but does no damage.
You hit the orc but do no damage. The orc barely misses you.
The orc hits you with a +0 dagger.
* * * LOW HITPOINT WARNING * * *
You barely miss the orc. The orc barely misses you.
You barely miss the orc. The orc hits you with a +0 dagger.
* * * LOW HITPOINT WARNING * * *
The orc hits you but does no damage.
You closely miss the orc. The orc barely misses you.
You hit the orc.
The orc is severely wounded.
The orc hits you with a +0 dagger.
You die...

#.# #' #.# #. #.# #. #.+
._ #.# ## ..############
#.# ##
#...>..@oooo.######.####
############............
########..... ##....
#..†( ####..# #......
#####...... #.......)..


You could see 4 orcs.

Vanquished Creatures
  2 orc priests (D:3)
  Natasha (thrice) (D:3)
  Ijyb (D:3)
  2 adders
  An ooze (D:1)
  A worm (D:3)
  3 dart slugs
  3 orcs
  8 bats
  2 giant cockroaches (D:1)
  5 goblins
  A hobgoblin (D:2)
  A quokka (D:3)
  5 frilled lizards
  10 kobolds
  8 rats
56 creatures vanquished.

Notes
Turn   | Place    | Note
-------+----------+-------------------------------------------
     0 | D:1      | pmoppi the Mummy Hunter began the quest for the Orb.
     0 | D:1      | Reached XP level 1. HP: 16/16 MP: 1/1
   212 | D:1      | Reached skill level 1 in Stealth
   303 | D:1      | Reached XP level 2. HP: 22/22 MP: 2/2
   959 | D:1      | Reached XP level 3. HP: 25/28 MP: 3/3
  1592 | D:2      | Found an iron altar of Okawaru.
  2090 | D:3      | Noticed Ijyb
  2098 | D:3      | Killed Ijyb
  2098 | D:3      | Reached skill level 1 in Short Blades
  2098 | D:3      | Reached XP level 4. HP: 34/34 MP: 4/4
  2194 | D:3      | Noticed Natasha
  2206 | D:3      | Killed Natasha
  2206 | D:3      | Reached skill level 1 in Armour
  2342 | D:3      | Noticed Natasha
  2355 | D:3      | HP: 1/34 [iron imp[Natasha] (6)]
  2356 | D:3      | Killed Natasha
  2356 | D:3      | Reached XP level 5. HP: 1/40 MP: 5/5
  2670 | D:3      | Noticed Natasha
  2683 | D:3      | Killed Natasha
  3308 | D:3      | Found a bloodstained altar of Trog.
  3322 | D:3      | Reached skill level 4 in Bows
  3340 | D:3      | HP: 2/41 [orc/+0 dagger (5)]
  3347 | D:3      | HP: 2/41 [orc/+0 dagger (1)]
  3351 | D:3      | Slain by an orc

Illustrated notes

Levels and vault maps discovered:
D:1:      mrwooster_arrival_statue_3, layout_basic
D:2:      layout_loops_cross, okawaru_trees_2
D:3:      layout_rooms, lemuel_doored_altar, lemuel_blue_sif_altar, uniq_ijyb,
          uniq_natasha

Skill      XL: |  1  2  3  4  5 |
---------------+----------------+-----
Stealth        | 1 |  1.1
Dodging        | 2 |  2.6
Short Blades   | 1 |  1.5
Armour         | 1 |  1.6
Fighting       | 3 |  3.2
Bows           | 4 |  4.0

Action                   |  1- 3 |  4- 6 || total
-------------------------+-------+-------++-------
Melee: Short sword       |   147 |    62 ||   209
       Morningstar       |       |    11 ||    11
 Fire: Shortbow          |     5 |    14 ||    19
 Stab: Sleeping          |     3 |       ||     3
Armor: Leather armour    |    59 |     9 ||    68
Dodge: Dodged            |   131 |    45 ||   176
